 Dungeon Crawl Stone Soup version 0.22.1-1-ga44c0e5 (webtiles) character file.

1120 Markonkel the Cleaver (level 8, -2/70 HPs)
             Began as a Minotaur Berserker on Sept 20, 2018.
             Was a Priest of Trog.
             Slain by Sigmund
             ... wielding a +0 scythe
              (11 damage)
             ... on level 6 of the Dungeon.
             The game lasted 00:10:06 (4640 turns).

Markonkel the Cleaver (Minotaur Berserker)          Turns: 4640, Time: 00:10:06

Health: -2/70      AC:  9    Str: 25    XL:     8   Next: 12%
Magic:  7/7        EV: 11    Int:  4    God:    Trog [***...]
Gold:   225        SH:  0    Dex:  7    Spells: 7/7 levels left

rFire    . . .     SeeInvis .   a - +0 hand axe
rCold    . . .     Gourm    .   (no shield)
rNeg     + . .     Faith    .   o - +1 scale mail {rN+} {rN+}
rPois    .         Spirit   .   (helmet restricted)
rElec    .         Reflect  .   t - +0 cloak
rCorr    .         Harm     .   (no gloves)
MR       .....                  (no boots)
Stlth    ..........             (no amulet)
HPRegen  0.21/turn              m - -2 ring of dexterity (curse)
MPRegen  0.10/turn              (no ring)

@: berserk cooldown, slowed, very slow
A: retaliatory headbutt, horns 2
a: Berserk, Trog's Hand, Renounce Religion


You were on level 6 of the Dungeon.
You worshipped Trog.
Trog was most pleased with you.
You were very hungry.

You visited 1 branch of the dungeon, and saw 6 of its levels.

You collected 225 gold pieces.

Inventory:

Hand Weapons
 a - a +0 hand axe (weapon)
Missiles
 d - 50 poisoned needles
 Q - 208 stones (quivered)
Armour
 o - a +1 scale mail of positive energy (worn) {rN+}
 t - a +0 cloak (worn)
Jewellery
 m - a cursed -2 ring of dexterity (left hand)
Scrolls
 c - 2 scrolls of immolation {!r}
 f - 2 scrolls of fog
 i - 4 scrolls of identify
Potions
 g - 2 potions of haste {unknown}
 h - a potion of flight {unknown}
 k - a potion of invisibility {unknown}
 l - 5 potions of heal wounds {unknown}
 q - 2 potions of curing
 r - a potion of berserk rage {unknown}
Comestibles
 e - 9 rations


   Skills:
 + Level 6.3 Fighting
 * Level 8.2 Axes
 + Level 5.6 Armour
 + Level 5.0 Dodging


You had 7 spell levels left.
You didn't know any spells.
Your spell library was empty.

Dungeon Overview and Level Annotations

Branches:
Dungeon (6/15)             Temple (0/1) D:5

Altars:
Trog

Annotations:
D:6 Sigmund


Innate Abilities, Weirdness & Mutations

You reflexively headbutt those who attack you in melee.
You have a pair of horns on your head.


Message History

You are feeling very hungry.
You can no longer call in reinforcements.
Something hits you.
* * * LOW HITPOINT WARNING * * *
You take 2 damage, and have 12/70 hp.
Something hits you.
* * * LOW HITPOINT WARNING * * *
Something hits you.
* * * LOW HITPOINT WARNING * * *
You take 1 damage, and have 11/70 hp.
Something hits you.
* * * LOW HITPOINT WARNING * * *
You take 3 damage, and have 8/70 hp.
You hear some strange, mumbled words.
Something tries to affect you, but you resist.
Your ogre rages.
You hear some strange, mumbled words.
Something tries to affect you, but you resist.
Something hits you!
You die...

#.# ##.## #...#
#...# #...#
#...#######
####....†....#
........†..O.####
..>.......{.@....#
........#.#.#.#$##
#####.............
#...#.......#..#
#.............##
#...#.......#.#
#.......>.....#
..##... )..#.#


You could see a friendly ogre (berserk).

Vault maps used:
D:1:      dpeg_arrival_boxorama, minmay_misc_feat_ornament
D:3:      first_ration, serial_bayou, serial_bayou_lagoon_b,
          serial_bayou_pond_b, serial_bayou_lagoon_a, serial_bayou_ford_a
D:5:      nicolae_overflow_crystal_walls, minmay_temple_entry_glassed_door,
          corexii_item_surrounded_by_moat
D:6:      st_stairs_4, uniq_sigmund

Notes
Turn   | Place    | Note
-------+----------+-------------------------------------------
     0 | D:1      | Markonkel the Minotaur Berserker began the quest for the
                  | Orb.
     0 | D:1      | Reached XP level 1. HP: 19/19 MP: 0/0
    97 | D:1      | Reached XP level 2. HP: 27/27 MP: 1/1
   137 | D:1      | Identified a +0 scale mail (You found it on level 1 of the
                  | Dungeon)
   229 | D:1      | Reached skill level 4 in Axes
   234 | D:1      | You fall through a shaft!
   333 | D:2      | Reached skill level 4 in Fighting
   333 | D:2      | Reached XP level 3. HP: 29/33 MP: 2/2
   421 | D:2      | Reached skill level 3 in Armour
   694 | D:2      | Reached ** piety under Trog
   787 | D:2      | Reached XP level 4. HP: 38/40 MP: 3/3
  1657 | D:3      | Reached skill level 5 in Axes
  1657 | D:3      | Reached skill level 3 in Dodging
  1667 | D:3      | HP: 8/41 [poisoned by a kobold]
  1669 | D:3      | Identified 3 potions of curing
  1969 | D:3      | Reached XP level 5. HP: 47/47 MP: 4/4
  2308 | D:3      | Identified a +0 scale mail of positive energy (You found it
                  | on level 3 of the Dungeon)
  2308 | D:3      | Identified a ring of dexterity (You found it on level 3 of
                  | the Dungeon)
  2309 | D:3      | Identified 3 scrolls of identify
  2309 | D:3      | Identified 2 scrolls of immolation
  2310 | D:3      | Identified a scroll of fear
  2311 | D:3      | Identified a scroll of amnesia
  2320 | D:3      | Reached *** piety under Trog
  2891 | D:4      | Reached skill level 4 in Armour
  2891 | D:4      | Reached XP level 6. HP: 55/55 MP: 5/5
  2899 | D:4      | Reached skill level 5 in Fighting
  2899 | D:4      | Reached skill level 6 in Axes
  3613 | D:5      | Entered Level 5 of the Dungeon
  3629 | D:5      | HP: 11/56 [centaur (8)]
  3633 | D:5      | Reached skill level 4 in Dodging
  3633 | D:5      | Reached XP level 7. HP: 10/61 MP: 6/6
  3640 | D:4      | HP: 10/61 [jackal (2)]
  3970 | D:5      | Found a bloodstained altar of Trog.
  3978 | D:5      | Reached skill level 7 in Axes
  4008 | D:5      | Found a staircase to the Ecumenical Temple.
  4029 | D:5      | Reached skill level 5 in Armour
  4336 | D:5      | Reached **** piety under Trog
  4444 | D:5      | Identified a +0 cloak (You found it on level 5 of the
                  | Dungeon)
  4446 | D:5      | Identified 3 scrolls of fog
  4447 | D:5      | Identified a scroll of enchant armour
  4448 | D:5      | Identified a scroll of teleportation
  4521 | D:6      | Reached skill level 6 in Fighting
  4605 | D:6      | Noticed a hungry ghost
  4607 | D:6      | Noticed Sigmund
  4627 | D:6      | Killed a hungry ghost
  4627 | D:6      | Reached skill level 8 in Axes
  4627 | D:6      | Reached skill level 5 in Dodging
  4627 | D:6      | Reached XP level 8. HP: 37/70 MP: 7/7
  4634 | D:6      | HP: 14/70 [something (10)]
  4640 | D:6      | Identified a +0 scythe
  4640 | D:6      | Slain by Sigmund

Table legend:
 A = Turns spent in this place as a percentage of turns spent in the entire game.
 B = Non-inter-level travel turns spent in this place as a percentage of non-inter-level travel turns spent in the entire game.
 C = Inter-level travel turns spent in this place as a percentage of turns spent in this place.
 D = Turns resting spent in this place as a percentage of non-inter-level travel turns spent in this place.
 E = Turns spent auto-exploring this place as a percentage of non-inter-level travel turns spent in this place.
 F = Non-inter-level travel turns spent in this place divided by the number of levels of this place that you've seen.
                   A       B       C       D       E      F
               +-------+-------+-------+-------+-------+----------------------
         Total | 100.0 | 100.0 |   4.4 |   0.0 |  82.7 | 739.3
       Dungeon | 100.0 | 100.0 |   4.4 |   0.0 |  82.7 | 739.3
               +-------+-------+-------+-------+-------+----------------------

Table legend:
 A = Kills in this place as a percentage of kills in entire the game.
 B = Kills by you in this place as a percentage of kills by you in the entire game.
 C = Kills by friends in this place as a percentage of kills by friends in the entire game.
 D = Other kills in this place as a percentage of other kills in the entire game.
 E = Experience gained in this place as a percentage of experience gained in the entire game.
 F = Experience gained in this place divided by the number of levels of this place that you have seen.
                   A       B       C       D       E      F
               +-------+-------+-------+-------+-------+----------------------
         Total | 100.0 | 100.0 |   N/A |   N/A | 100.0 | 266.7
       Dungeon | 100.0 | 100.0 |   N/A |   N/A | 100.0 | 266.7
               +-------+-------+-------+-------+-------+----------------------

Skill      XL: |  1  2  3  4  5  6  7 |
---------------+----------------------+-----
Axes           | 4 5 6 8 |  8.2
Fighting       | 4 5 6 |  6.3
Armour         | 3 4 5 |  5.6
Dodging        | 3 4 5 |  5.0

Action                   |  1- 3 |  4- 6 |  7- 9 || total
-------------------------+-------+-------+-------++-------
Melee: Hand axe          |    70 |   156 |    72 ||   298
       Headbutt          |     8 |    24 |    16 ||    48
Throw: Stone             |       |     6 |       ||     6
Invok: Berserk           |     1 |     5 |     3 ||     9
       Brothers in Arms  |       |       |     1 ||     1
  Use: Potion            |       |     1 |       ||     1
       Scroll            |       |     3 |     3 ||     6
  Eat: Chunk             |       |    13 |     5 ||    18
       Ration            |       |       |     2 ||     2
Armor: Animal skin       |     1 |       |       ||     1
       Scale mail        |    30 |    68 |    51 ||   149
Dodge: Dodged            |    35 |   105 |    58 ||   198

Vanquished Creatures
  A hungry ghost (D:6)
  An ice beast (D:5)
  An ogre (D:5)
  A centaur (D:5)
  A howler monkey (D:4)
  3 crimson imps
  A quasit (D:6)
  3 orc priests
  3 hounds
  4 orc wizards
  2 iguanas (D:4)
  2 worker ants
  A hound zombie (D:2)
  A worker ant zombie (D:5)
  5 adders
  An ooze (D:2)
  A worm (D:2)
  A dart slug (D:1)
  A leopard gecko (D:6)
  14 orcs
  5 giant cockroaches
  8 goblins
  9 hobgoblins
  11 jackals
  11 kobolds
  3 quokkas
  2 ball pythons
  11 bats
  7 frilled lizards
  A giant cockroach zombie (D:5)
  6 rats
122 creatures vanquished.

Vanquished Creatures (others)
  A plant (D:3)
1 creature vanquished.

Grand Total: 123 creatures vanquished
